 Dungeon Crawl Stone Soup version 0.28-a0-122-gfd0ec89410 (webtiles) character file.

Game seed: 863899622751737669

10 Bikalo the Magician (level 2, 0/22 HPs)
             Began as a Djinni Hedge Wizard on Aug 14, 2021.
             Slain by a giant cockroach (2 damage)
             ... on level 1 of the Dungeon.
             The game lasted 00:01:40 (416 turns).

Bikalo the Magician (Djinni Hedge Wizard)            Turns: 416, Time: 00:01:41

Health: 0/22       AC:  2    Str:  9    XL:     2   Next: 30%
Gold:   8          EV: 12    Int: 15    God:
                   SH:  0    Dex: 12

rFire   + + .      SeeInvis .   a - +0 dagger
rCold   x . .      Faith    .   (no shield)
rNeg    . . .      Spirit   .   b - +0 robe
rPois   ∞          Reflect  .   c - +0 hat
rElec   .          Harm     .   (no cloak)
rCorr   .          Rampage  .   (no gloves)
Will    .....                   (boots unavailable)
Stlth   ++........              (no amulet)
HPRegen 0.07/turn               (no ring)
MPRegen 0.00/turn               (no ring)

@: flying
A: sickness immunity, fire resistance 2, cold vulnerability 1, float, innate
caster, hp casting, extra vitality 1
a: no special abilities


You were on level 1 of the Dungeon.
You visited 1 branch of the dungeon, and saw 1 of its levels.

You collected 8 gold pieces.

Inventory:

Hand Weapons
 a - a +0 dagger (weapon)
Armour
 b - a +0 robe (worn)
 c - a +0 hat (worn)


   Skills:
 + Level 0.5 Fighting
 + Level 2.4 Dodging
 + Level 1.8 Stealth
 + Level 2.5 Spellcasting


You couldn't memorise any spells.
You knew the following spells:

 Your Spells              Type           Power      Damage    Failure   Level
a - Magic Dart            Conj           36%        1d4       8%          1
b - Blink                 Tloc           N/A        N/A       11%         2
c - Call Imp              Summ           9%         N/A       11%         2
d - Slow                  Hex            9%         N/A       11%         2
e - Conjure Flame         Conj/Fire      9%         6-21      22%         3
f - Mephitic Cloud        Conj/Pois/Air  9%         N/A       22%         3
Your spell library was empty.

Dungeon Overview and Level Annotations

Branches:
Dungeon (1/15)

Altars:


Innate Abilities, Weirdness & Mutations

You are immune to sickness and miasma.
You are immune to poison.
Your flesh is very heat resistant. (rF++)
You are vulnerable to cold. (rC-)
You float through the air rather than walking.
You learn spells naturally, not from books.
Your magical power is your life essence.
You have superior vitality. (+4 HP)


Message History

The giant cockroach is moderately wounded.
* * * LOW HITPOINT WARNING * * *
Casting: Magic Dart (safe; 8% risk of failure)
Confirm with . or Enter, or press ? or * to list all spells.
Aiming: Magic Dart (safe; 8% risk of failure)
Press: ? - help, Shift-Dir - straight line, f/p - giant cockroach
Aim: a giant cockroach (moderately wounded, 100% to hit)
The magic dart hits the giant cockroach but does no damage.
The giant cockroach is moderately wounded.
* * * LOW HITPOINT WARNING * * *
You aren't carrying any potions.
Unknown command.
The giant cockroach barely misses you.
You aren't carrying any potions.
Casting: Magic Dart (safe; 8% risk of failure)
Confirm with . or Enter, or press ? or * to list all spells.
Aiming: Magic Dart (safe; 8% risk of failure)
Press: ? - help, Shift-Dir - straight line, f/p - giant cockroach
Aim: a giant cockroach (100% to hit)
The magic dart hits the giant cockroach but does no damage.
* * * LOW HITPOINT WARNING * * *
The giant cockroach closely misses you.
You hit the giant cockroach but do no damage.
The giant cockroach bites you but does no damage.
You hit the giant cockroach but do no damage.
The giant cockroach closely misses you.
You closely miss the giant cockroach. The giant cockroach misses you.
You hit the giant cockroach.
The giant cockroach is heavily wounded.
The giant cockroach barely misses you. The giant cockroach closely misses you.
You barely miss the giant cockroach.
The giant cockroach is heavily wounded.
The giant cockroach bites you but does no damage.
You barely miss the giant cockroach.
The giant cockroach is heavily wounded.
The giant cockroach bites you but does no damage.
You completely miss the giant cockroach.
The giant cockroach is heavily wounded.
The giant cockroach bites you.
You die...

. ..... #..#...#..# #b
....##+## #..'...'.<#
####.##'##....#
#..#.#.#..#
#.......##.b..#
####.#.####
#.##.#...#....##
#..#...#..# #.#.#.....#
#..'...'..# #†#..#....#
#..#...#.P#
#.##.#....######.†.####
#........B@.#P.#...#..#
###.#.#+###.#(.'...'..#
#.....# #.#..#...#..#
####..# #.#####'#####
#..# #.......# ##†#
######### #># ###


You could see a giant cockroach and a bat.

Vanquished Creatures
  A bat (D:1)
  3 jackals (D:1)
  A quokka (D:1)
  5 rats (D:1)
10 creatures vanquished.

Notes
Turn   | Place    | Note
-------+----------+-------------------------------------------
     0 | D:1      | Bikalo the Djinni Hedge Wizard began the quest for the Orb.
     0 | D:1      | Reached XP level 1. HP: 15/15 MP: 0/0
   387 | D:1      | Reached XP level 2. HP: 16/22 MP: 0/0
   416 | D:1      | Slain by a giant cockroach

Illustrated notes

Levels and vault maps discovered:
D:1:      dpeg_arrival_prison, layout_basic

Action                   || total
-------------------------++-------
Melee: Dagger            ||    20
 Cast: Magic Dart        ||    21
 Stab: Sleeping          ||     2
Armor: Robe              ||     3
Dodge: Dodged            ||    18

Table legend: (Time is in decaauts)
 A = Elapsed time spent in this place.
 B = Non-inter-level travel time spent in this place.
 C = Inter-level travel time spent in this place.
 D = Time resting spent in this place.
 E = Time spent auto-exploring this place.
 F = Levels seen in this place.
 G = Mean time per level.
                   A        B        C        D        E       F      G
               +--------+--------+--------+--------+--------+-----+--------+
         Total |    416 |    416 |      0 |     38 |    251 |   1 |  416.0 |
       Dungeon |    416 |    416 |      0 |     38 |    251 |   1 |  416.0 |
               +--------+--------+--------+--------+--------+-----+--------+

Top non-repeatable levels by time:
     D:1: 416 daAuts
